 Dungeon Crawl Stone Soup version 0.30.1-9-gdf580d7c3d (webtiles) character file.

Game seed: 761612127987398300

5920 lonewolfV2 the Protected (level 10, -7/66 HPs)
             Began as a Demonspawn Fighter on Oct 26, 2023.
             Was a Follower of Qazlal.
             Mangled by a skyshark (12 damage)
             ... on level 10 of the Dungeon.
             The game lasted 00:15:21 (9232 turns).

lonewolfV2 the Protected (Demonspawn Fighter)       Turns: 9232, Time: 00:15:21

Health: -7/66      AC: 24    Str: 26    XL:     10   Next: 53%
Magic:  15/15      EV: 10    Int: 10    God:    Qazlal [*.....]
Gold:   685        SH:  6    Dex: 13    Spells: 9/9 levels left

rFire   . . .        j - +8 long sword "Pyerimiu" {pain, rPois Will+}
rCold   . . .        c - +0 buckler
rNeg    . . .        D - +0 plate armour
rPois   +            q - +0 helmet
rElec   .            K - +0 cloak
rCorr   .            v - +2 pair of gloves
SInv    .            (boots unavailable)
Will    +....        (no amulet) Stlth
                     F - +6 ring of strength
HPRegen 0.31/turn    y - +4 ring of protection
MPRegen 0.14/turn

%: no passive effects
@: mighty
A: hooves 3, powered by death 2, frail 1, screaming 2
a: Renounce Religion


You were on level 10 of the Dungeon.
You worshipped Qazlal.
Qazlal was aware of your devotion.
You visited 2 branches of the dungeon, and saw 11 of its levels.

You collected 685 gold pieces.

Inventory:

Hand Weapons
 a - a +1 war axe
 j - the +8 long sword "Pyerimiu" (weapon) {pain, rPois Will+}
   (You found it on level 2 of the Dungeon)

   rPois:     It protects you from poison.
   Will:      It increases your willpower.
Missiles
 H - a throwing net (quivered)
Armour
 c - a +0 buckler (worn)
 q - a +0 helmet (worn)
 v - a +2 pair of gloves (worn)
 D - a +0 plate armour (worn)
 K - a +0 cloak (worn)
Jewellery
 f - a ring of willpower
 k - a ring of protection from cold
 l - a ring of flight
 u - a ring of see invisible
 y - a +4 ring of protection (right hand)
 F - a +6 ring of strength (left hand)
Wands
 p - a wand of polymorph (9)
 x - a wand of mindburst (6)
 G - a wand of flame (13)
Scrolls
 e - 8 scrolls of identify
 g - 4 scrolls of amnesia
 h - 6 scrolls of teleportation
 i - a scroll of poison
 n - a scroll of enchant armour
 r - 3 scrolls of enchant weapon
 t - a scroll of fog
 E - 2 scrolls of torment {unknown}
Potions
 b - 3 potions of flight
 d - 4 potions of might
 m - 4 potions of degeneration
 o - a potion of cancellation
 w - a potion of attraction {unknown}
 z - 3 potions of haste {unknown}
 A - 4 potions of mutation {unknown}
 B - a potion of lignification {unknown}
 C - a potion of berserk rage {unknown}


   Skills:
 + Level 5.0 Fighting
 + Level 5.0 Long Blades
 - Level 1.7 Axes
 - Level 8.8 Armour
 - Level 8.8 Dodging
 - Level 2.7 Shields
 - Level 7.0 Invocations


You had 9 spell levels left.
You didn't know any spells.
Your spell library contained the following spells:

 Spells                   Type           Power      Damage    Failure   Level
 Beastly Appendage        Tmut           0%         N/A       99%         1
 Kiss of Death            Conj/Necr      0%         2d5       99%         1
 Slow                     Hex            0%         N/A       99%         1
 Blink                    Tloc           0%         N/A       100%        2
 Wereblood                Tmut           0%         N/A       100%        2
 Confusing Touch          Hex            0%         N/A       100%        3
 Ozocubu's Armour         Ice            0%         N/A       100%        3
 Spider Form              Tmut/Pois      0%         N/A       100%        3
 Stone Arrow              Conj/Erth      0%         3d7       100%        3
 Tukima's Dance           Hex            0%         N/A       100%        3
 Vampiric Draining        Necr           0%         2d6       100%        3
 Animate Armour           Summ/Erth      0%         N/A       100%        4
 Dispel Undead            Necr           0%         3d6       100%        4
 Manifold Assault         Tloc           0%         N/A       100%        4
 Passage of Golubria      Tloc           0%         N/A       100%        4
 Summon Ice Beast         Ice/Summ       0%         N/A       100%        4
 Summon Mana Viper        Hex/Summ       0%         N/A       100%        5
 Yara's Violent Unravell  Hex/Tmut       0%         3d3       100%        5
 Monstrous Menagerie      Summ           0%         N/A       100%        7
 Ozocubu's Refrigeration  Ice            0%         4d7       100%        7
 Storm Form               Tmut/Air       0%         N/A       100%        7
 Lehudib's Crystal Spear  Conj/Erth      0%         10d2      100%        8


Dungeon Overview and Level Annotations

Branches:
Dungeon (10/15)            Temple (1/1) D:7            Lair (0/5) D:9
    Orc: D:9-12

Altars:
Ashenzari
Cheibriados
Gozag
Hepliaklqana
Makhleb
Okawaru
Qazlal
Sif Muna
Vehumet
Wu Jian
Xom
Yredelemnul

Shops:
D:2 (   D:3 :   D:4 *

Annotations:
D:9 1 runed translucent door, exclusion: statue, ShellytheWitch's ghost, novice KoBr


Innate Abilities, Weirdness & Mutations

You have hooves in place of feet.
You regenerate health from kills.
You are frail. (-10% HP)
You frequently scream uncontrollably at your foes.


Message History

The skyshark tail-slaps you but does no damage.
You feel much better. The skyshark bites you!!
* * * LOW HITPOINT WARNING * * *
The skyshark closely misses you.
The skyshark tail-slaps you but does no damage.
The skyshark bites you but does no damage.
The skyshark tail-slaps you but does no damage.
The skyshark closely misses you.
You feel better. The skyshark bites you!
* * * LOW HITPOINT WARNING * * *
The skyshark closely misses you.
The skyshark tail-slaps you but does no damage.
You feel better.
The skyshark bites you but does no damage.
You block the skyshark's attack. The skyshark tail-slaps you.
* * * LOW HITPOINT WARNING * * *
The skyshark bites you but does no damage.
The skyshark tail-slaps you but does no damage.
The skyshark tail-slaps you.
* * * LOW HITPOINT WARNING * * *
You feel very mighty all of a sudden.
The skyshark closely misses you. x2; You block the skyshark's attack.
You completely miss the skyshark. You kick the skyshark!
The skyshark is heavily wounded.
The skyshark closely misses you. You block the skyshark's attack.
The skyshark tail-slaps you but does no damage.
The skyshark bites you but does no damage.
The skyshark tail-slaps you but does no damage.
The skyshark tail-slaps you.
* * * LOW HITPOINT WARNING * * *
You slice the skyshark!! You kick the skyshark!
The skyshark is severely wounded.
The skyshark barely misses you. x2
The skyshark tail-slaps you but does no damage.
You block the skyshark's attack.
The skyshark tail-slaps you but does no damage. x2
You slash the skyshark!
The skyshark is almost dead.
The skyshark bites you!
You die...

####.....>..####.#
...#............. .P§..P
...#...........###.#.._P
...#...........#.P...PPP
...#...........#......P§
##'#...........#.).P.P..
.......[.......#........
...............#l.....#
....######.....#@.....#
....# #.....'§.....#
....# #.....#......#
....# #.....#..!...#
....# #.....##.....#
....# #...... ....##
'##)# #.....##....#
..#.# #.....# ....#
..#)# #.....# ....#


You could see a skyshark (berserk).

Vanquished Creatures
  A two-headed ogre (D:10)
  An unseen horror (D:8)
  2 hornets
  Prince Ribbit (D:5)
  A shadow (D:10)
  3 yaks (D:8)
  Eustachio (D:4)
  A wraith (D:9)
  A hog (D:10)
  A neqoxec (D:4)
  A redback (D:9)
  An acid dragon (D:10)
  2 water moccasins
  5 orc warriors
  A sky beast (D:8)
  An ice beast (D:8)
  A black bear (D:7)
  A kobold brigand (D:7)
  2 bullfrogs
  A gnoll sergeant (D:6)
  4 scorpions
  9 wights
  4 killer bees (D:10)
  2 hounds (D:5)
  A gnoll bouda (D:7)
  6 orc priests
  2 jellies (D:6)
  3 sleepcaps
  2 iguanas
  6 orc wizards
  11 gnolls
  14 adders
  2 white imps
  4 ufetubi
  2 worms
  5 dart slugs
  25 orcs
  7 ball pythons
  7 endoplasms
  2 giant cockroaches (D:1)
  6 goblins
  4 hobgoblins
  5 jackals
  7 kobolds
  3 quokkas
  3 bats (D:1)
  2 frilled lizards (D:2)
  9 rats
186 creatures vanquished.

Notes
Turn   | Place    | Note
-------+----------+-------------------------------------------
     0 | D:1      | lonewolfV2 the Demonspawn Fighter began the quest for the
                  | Orb.
     0 | D:1      | Reached XP level 1. HP: 18/18 MP: 1/1
   252 | D:1      | Gained mutation: You regenerate a little health from kills.
                  | [demonic ancestry]
   252 | D:1      | Reached XP level 2. HP: 24/24 MP: 2/2
   274 | D:1      | You fall into a shaft and drop 1 floor!
   290 | D:2      | Reached skill level 1 in Dodging
   324 | D:2      | Reached skill level 1 in Invocations
   609 | D:1      | Gained mutation: You have large cloven feet. [demonic
                  | ancestry]
   609 | D:1      | Reached XP level 3. HP: 29/29 MP: 4/4
  1039 | D:2      | Identified the +8 long sword "Pyerimiu" {pain, rPois Will+}
  1439 | D:2      | Found Tirain's Weapon Shoppe.
  1636 | D:3      | Found Cihob's Vocational Training.
  1647 | D:3      | Gained mutation: You regenerate health from kills. [demonic
                  | ancestry]
  1647 | D:3      | Reached XP level 4. HP: 35/35 MP: 5/5
  2593 | D:4      | HP: 1/35 [orc priest/divine providence (9)]
  2595 | D:4      | Gained mutation: You have hoof-like feet. [demonic
                  | ancestry]
  2595 | D:4      | Reached XP level 5. HP: 5/41 MP: 7/7
  2886 | D:4      | Noticed Grinder
  2890 | D:4      | Grinder changed into Grinder the neqoxec
  2890 | D:4      | Noticed Grinder
  2893 | D:4      | Gained mutation: You are frail. (-10% HP) [Grinder]
  2896 | D:4      | Gained mutation: You occasionally shout uncontrollably at
                  | your foes. [Grinder]
  2899 | D:4      | Gained mutation: You frequently scream uncontrollably at
                  | your foes. [Grinder]
  2901 | D:4      | Killed Grinder the neqoxec
  2902 | D:4      | Reached XP level 6. HP: 26/42 MP: 8/8
  3072 | D:4      | Found Zessuzua's Assorted Antiques.
  3516 | D:4      | Noticed Eustachio
  3584 | D:4      | Killed Eustachio
  3585 | D:4      | Reached skill level 5 in Invocations
  3585 | D:4      | Gained mutation: You have hooves in place of feet. [demonic
                  | ancestry]
  3585 | D:4      | Reached XP level 7. HP: 34/46 MP: 10/10
  3711 | D:5      | Entered Level 5 of the Dungeon
  4034 | D:5      | Noticed Prince Ribbit
  4040 | D:5      | Reached skill level 5 in Dodging
  4047 | D:5      | Reached skill level 5 in Armour
  4059 | D:5      | Killed Prince Ribbit
  4060 | D:5      | Reached XP level 8. HP: 22/52 MP: 12/12
  5569 | D:7      | Reached XP level 9. HP: 52/56 MP: 14/14
  5848 | D:7      | Found a shimmering altar of Xom.
  5854 | D:7      | Found a burning altar of Makhleb.
  5860 | D:7      | Found a snail-covered altar of Cheibriados.
  5932 | D:7      | Found a staircase to the Ecumenical Temple.
  5940 | Temple   | Entered the Ecumenical Temple
  6018 | Temple   | Became a worshipper of Qazlal Stormbringer
  6287 | D:8      | Killed an unseen horror
  7447 | D:9      | Reached XP level 10. HP: 63/63 MP: 15/15
  7461 | D:9      | Reached skill level 1 in Long Blades
  7550 | D:9      | Reached * piety under Qazlal
  7672 | D:9      | Found a staircase to the Lair.
  7727 | D:9      | Noticed Harold
  7731 | D:9      | Harold changed into Harold the redback
  7731 | D:9      | Noticed Harold
  7737 | D:9      | Killed Harold the redback
  7795 | D:9      | Found a runed translucent door.
  7796 | D:9      | Found a shimmering altar of Xom.
  7796 | D:9      | Noticed a +1 rapier of chaos
  7796 | D:9      | Noticed ShellytheWitch's ghost (novice KoBr)
  7973 | D:9      | Found a radiant altar of Vehumet.
  8031 | D:10     | Entered Level 10 of the Dungeon
  8097 | D:10     | Noticed Urug
  8103 | D:10     | Urug changed into Urug the hog
  8103 | D:10     | Noticed Urug
  8110 | D:10     | Killed Urug the hog
  8382 | D:10     | Noticed a two-headed ogre
  8394 | D:10     | Killed a two-headed ogre
  8395 | D:10     | Reached skill level 5 in Long Blades
  8864 | D:10     | Found a broken altar of Ashenzari.
  9001 | D:10     | Identified the +0 buckler of Jomp {Regen+ Str+2}
  9020 | D:10     | Reached skill level 5 in Fighting
  9211 | D:10     | Found a hazy altar of Hepliaklqana.
  9211 | D:10     | Noticed a two-headed ogre
  9212 | D:10     | a two-headed ogre changed into a skyshark
  9212 | D:10     | Noticed a skyshark
  9225 | D:10     | HP: 3/66 [skyshark (10)]
  9232 | D:10     | Mangled by a skyshark

Illustrated notes

Levels and vault maps discovered:
D:1:      psy_arrival_dodecagon, layout_basic
D:2:      layout_loops_cross, serial_shops, nicolae_shop_bloodbath_and_beyond
D:3:      layout_basic, nicolae_shop_vocational
D:4:      layout_basic, serial_shops, kennysheep_little_box, minivault_27,
          minmay_snake_closets, uniq_eustachio, uniq_grinder
D:5:      layout_loops_ring, uniq_prince_ribbit1
D:6:      layout_cave_pools
D:7:      layout_loops_ring, minitemple, minmay_temple_entry_enclosed_plants
D:8:      layout_basic
D:9:      layout_basic, vehumet_statue, lair_entry_dummy, ebering_ghost_xom,
          hangedman_abyss_or_decor_stagger, uniq_harold
D:10:     layout_irregular_city, nicolae_hepliaklqana_hazy_memory,
          ashenzari_conservatory_becter, mainiacjoe_overflow_tiny_flanked,
          kennysheep_mini, uniq_urug, uniq_maggie
Temple:   hellmonk_temple_forest_ring

Skill      XL: |  1  2  3  4  5  6  7  8  9 10 |
---------------+-------------------------------+-----
Dodging        | 1 2 3 4 5 6 8 |  8.8
Invocations    | 1 2 3 5 6 7 |  7.0
Armour         | 3 4 5 6 8 |  8.8
Long Blades    | 5 |  5.0
Fighting       | 5 |  5.0
Axes           | |  1.7
Shields        | |  2.7

Action                     |  1- 3 |  4- 6 |  7- 9 | 10-12 || total
---------------------------+-------+-------+-------+-------++-------
  Melee: War axe           |    88 |       |       |       ||    88
         Long sword        |    24 |   150 |   273 |   129 ||   576
         Kick              |     9 |    31 |    75 |    35 ||   150
  Evoke: Wand              |       |     4 |       |    12 ||    16
    Use: Scroll            |     6 |       |     9 |       ||    15
         Potion            |       |       |     6 |     4 ||    10
 Armour: Scale mail        |    56 |    28 |       |       ||    84
         Chain mail        |       |    79 |   104 |       ||   183
         Plate armour      |       |       |   203 |   124 ||   327
  Dodge: Dodged            |    53 |   110 |   146 |    82 ||   391
  Block: Buckler           |    32 |    47 |    91 |    54 ||   224
